Connexion

Reign vs Sound Tigers

Created - 19 décembre 2023 at 09:02

Goals
1 2 3 T
Reign 1 2 0 3
Sound Tigers 3 0 2 5
Shots
1 2 3 T
Reign 7 11 4 22
Sound Tigers 11 9 16 36

GoalsPenalties
1st period
1. Sound Tigers , Jesper Fasth 13 (Jaret Anderson-Dolan 1, Joel Armia 17) at 9:22 (PP)
2. Sound Tigers , Eric Staal 13 (Markus Phillips 15, Jimmy Vesey 15) at 12:13
3. Sound Tigers , Ashton Sautner 7 (Joel Armia 18, Jaret Anderson-Dolan 2) at 16:12
4. Reign , Dominic Toninato 6 (Ryan Reaves 26, Danny Dekeyser 17) at 19:54
Zack Macewen (ONT) for Cross-checking (Minor) at 3:58
Patrik Nemeth (ONT) for Interference (Minor) at 8:54
2nd period
5. Reign , Joël Teasdale 16 (Brogan Rafferty 22, Zachary Aston-Reese 29) at 9:31 (PP)
6. Reign , Andrew Ladd 7 (Patrick Khodorenko 12) at 12:06
Zack Macewen (ONT) for Tripping (Minor) at 5:50
Lukas Sedlak (BRP) for Hooking (Minor) at 8:29
Connor Mackey (ONT) for High sticking (Minor) at 19:50
3rd period
7. Sound Tigers , Rourke Chartier 10 (Jimmy Schuldt 16, Lukas Sedlak 10) at 6:44
8. Sound Tigers , Jaret Anderson-Dolan 1 (Joel Armia 19, Trevor Van Riemsdyk 12) at 15:15
Connor Mackey (ONT) for Hooking (Minor) at 10:26
Eric Staal (BRP) for Roughing (Minor) at 13:36
Patrik Nemeth (ONT) for Delaying the game (Minor) at 13:36
Jonny Brodzinski (BRP) for Cross-checking (Minor) at 18:48
Goalie Stats
Pheonix Copley (ONT), 31 saves from 36 shots - (0,861), L, 19-15-2, 60:00 minutes
Alex Lyon (BRP), 19 saves from 22 shots - (0,864), W, 17-13-0, 60:00 minutes
3 StarsOfficial
1 - Jaret Anderson-Dolan (BRP)
2 - Joel Armia (BRP)
3 - Rourke Chartier (BRP)
Referees : Dan O'Halloran and Justin StPierre
Linesman : Thor Nelson and Lyle Seitz
Game Note
No Game Note
Finance
Level 1 -- Attendance: 829 (41,45%) -- Ticket Income $53,885
Level 2 -- Attendance: 301 (30,10%) -- Ticket Income $15,050
Total Attendance: 1130 (37,67%)
Total Ticket Income: $68,935
Other Income: $13,787
Total Income: $82,722



Team Name Goals Shots Shots Attemp Shots Blocked PIM HIT PP PK FO%
Reign 322451112251 / 2 (50%)137%
Sound Tigers 536688681 / 5 (20%)163%

Reign
Player Name POS G A P +/- PIM HIT SHT SB MP PP MP PP SHT PK MP PK SHT FO% FOT
Andrew LaddLW/RW101102209:271:0811:0900% 0
Brogan RaffertyD0110012121:130:5603:4900% 0
Chase PriskieD0000020023:111:1702:5300% 0
Connor MackeyD000-2461421:131:1701:5600% 0
Danny DekeyserD011-1010121:280:5604:2400% 0
Dominic ToninatoC1010001012:410:0000:00033% 9
Jacob De La RoseC/LW000000000:000:0000:0000% 0
Jeff CarterC/RW000-3020218:581:0503:15032% 19
Joël TeasdaleLW1010003021:011:0824:5900% 0
John LeonardLW000-3002015:191:0500:0000% 1
Lawrence PilutD000-1010316:320:0002:1800% 0
Mason AppletonC/RW0001000021:530:0001:18033% 3
Nicolas DeslauriersLW/RW0001021012:350:0000:0000% 0
Patrick KhodorenkoC011000007:390:0000:03063% 8
Patrik NemethD0000420016:190:0001:2800% 0
Ryan ReavesLW/RW0111004012:590:0000:0000% 0
Zachary Aston-ReeseC/LW/RW0110022020:411:0814:59036% 28
Zack MacewenC/RW000-3444016:221:0501:05033% 3
Sound Tigers
Player Name POS G A P +/- PIM HIT SHT SB MP PP MP PP SHT PK MP PK SHT FO% FOT
Ashton SautnerD1010002024:243:5701:2200% 0
Christian WolaninD0000012020:584:2710:5100% 0
Eric StaalC/LW1010204018:593:5700:32090% 20
Jaret Anderson-DolanC1231004020:254:2711:41050% 18
Jesper FasthLW/RW1010013018:214:2710:3200% 1
Jimmy SchuldtD0112010114:380:0000:0000% 0
Jimmy VeseyLW/RW0110004018:283:5700:0000% 1
Joel ArmiaRW0331015025:334:2711:41078% 9
Jonny BrodzinskiC/RW0001202014:540:0000:0000% 0
Lukas SedlakC/LW0111200114:540:0000:0000% 0
Markus PhillipsD0112011014:380:0000:0000% 0
Martin PospisilC000000000:320:0000:0000% 0
Rourke ChartierC1011005014:550:0000:00043% 14
Ryan MacInnisC000000005:080:0000:00060% 5
Trevor Van RiemsdykD0110001220:584:2710:5100% 0
Tyler PitlickC/RW0000013218:283:5700:00067% 3
Yegor KorshkovLW000000005:080:0000:0000% 0
Zach BogosianD0000020224:243:5701:2200% 0



Play-by-Play

1st period


0:01 of 1st period - Zachary Aston-Reese wins face-off versus Jaret Anderson-Dolan in neutral zone.
1:16 of 1st period - Shot by John Leonard.
1:16 of 1st period - Shot Blocked by Trevor Van Riemsdyk.
1:18 of 1st period - Shot by Jeff Carter.
1:18 of 1st period - Shot Blocked by Tyler Pitlick.
1:26 of 1st period - Shot by Danny Dekeyser.
1:26 of 1st period - Shot Blocked by Trevor Van Riemsdyk.
1:35 of 1st period - Icing by Trevor Van Riemsdyk.
1:36 of 1st period - Eric Staal wins face-off versus Dominic Toninato in Sound Tigers zone.
1:43 of 1st period - Shot by Christian Wolanin.
1:43 of 1st period - Shot Misses the Net.
1:53 of 1st period - Shot by Nicolas Deslauriers.
1:53 of 1st period - Stopped by Alex Lyon without a rebound.
1:54 of 1st period - Patrick Khodorenko wins face-off versus Rourke Chartier in Sound Tigers zone.
3:08 of 1st period - Icing by Jimmy Schuldt.
3:09 of 1st period - Jeff Carter wins face-off versus Rourke Chartier in Sound Tigers zone.
3:16 of 1st period - Shot by Zack Macewen.
3:16 of 1st period - Shot Misses the Net.
3:18 of 1st period - Shot by Zack Macewen.
3:18 of 1st period - Stopped by Alex Lyon without a rebound.
3:19 of 1st period - Jaret Anderson-Dolan wins face-off versus Zachary Aston-Reese in Sound Tigers zone.
3:23 of 1st period - Off-side.
3:24 of 1st period - Ryan MacInnis wins face-off versus Zachary Aston-Reese in neutral zone.
3:33 of 1st period - Joel Armia is hit by Zachary Aston-Reese and loses puck.
3:41 of 1st period - Yegor Korshkov is hit by Chase Priskie and loses puck.
3:48 of 1st period - Shot by Mason Appleton.
3:48 of 1st period - Shot Misses the Net.
3:50 of 1st period - Shot by Brogan Rafferty.
3:50 of 1st period - Stopped by Alex Lyon without a rebound.
3:51 of 1st period - Tyler Pitlick wins face-off versus Jeff Carter in Sound Tigers zone.
3:51 of 1st period - Tyler Pitlick is hit by Zack Macewen.
3:58 of 1st period - Minor Penalty to Zack Macewen for Cross-checking.
3:59 of 1st period - Jaret Anderson-Dolan wins face-off versus Zachary Aston-Reese in Reign zone.
4:00 of 1st period - Shot by Christian Wolanin.
4:00 of 1st period - Deflect By Joel Armia.
4:00 of 1st period - Shot Misses the Net.
4:10 of 1st period - Shot by Christian Wolanin.
4:10 of 1st period - Stopped by Pheonix Copley with a rebound.
4:40 of 1st period - Shot by Jaret Anderson-Dolan.
4:40 of 1st period - Stopped by Pheonix Copley with a rebound.
4:57 of 1st period - Off-side.
4:58 of 1st period - Eric Staal wins face-off versus Zachary Aston-Reese in neutral zone.
5:28 of 1st period - Zachary Aston-Reese is hit by Zach Bogosian and loses puck.
5:39 of 1st period - Shot by Zachary Aston-Reese.
5:39 of 1st period - Shot Misses the Net.
6:22 of 1st period - Icing by Ryan Reaves.
6:23 of 1st period - Dominic Toninato wins face-off versus Jaret Anderson-Dolan in Reign zone.
6:34 of 1st period - Shot by Ryan Reaves.
6:34 of 1st period - Stopped by Alex Lyon with a rebound.
7:48 of 1st period - Icing by Markus Phillips.
7:49 of 1st period - Rourke Chartier wins face-off versus Zachary Aston-Reese in Sound Tigers zone.
8:37 of 1st period - Shot by Ashton Sautner.
8:37 of 1st period - Shot Misses the Net.
8:41 of 1st period - Shot by Tyler Pitlick.
8:41 of 1st period - Shot Misses the Net.
8:46 of 1st period - Eric Staal is hit by Chase Priskie and loses puck.
8:53 of 1st period - Shot by Jimmy Vesey.
8:53 of 1st period - Stopped by Pheonix Copley without a rebound.
8:54 of 1st period - Ryan MacInnis wins face-off versus Jeff Carter in Reign zone.
8:54 of 1st period - Minor Penalty to Patrik Nemeth for Interference.
8:55 of 1st period - Jaret Anderson-Dolan wins face-off versus Zack Macewen in Reign zone.
9:22 of 1st period - Shot by Jesper Fasth.
9:22 of 1st period - Goal by Jesper Fasth - Reign : 0 - Sound Tigers : 1.
9:23 of 1st period - Eric Staal wins face-off versus Dominic Toninato in neutral zone.
9:33 of 1st period - Icing by Patrik Nemeth.
9:34 of 1st period - Ryan MacInnis wins face-off versus Dominic Toninato in Reign zone.
9:35 of 1st period - Shot by Joel Armia.
9:35 of 1st period - Stopped by Pheonix Copley without a rebound.
9:36 of 1st period - Patrick Khodorenko wins face-off versus Joel Armia in Reign zone.
10:25 of 1st period - Jaret Anderson-Dolan is hit by Andrew Ladd and loses puck.
10:51 of 1st period - Off-side.
10:52 of 1st period - Eric Staal wins face-off versus Dominic Toninato in neutral zone.
11:03 of 1st period - Shot by Eric Staal.
11:03 of 1st period - Stopped by Pheonix Copley without a rebound.
11:04 of 1st period - Jeff Carter wins face-off versus Rourke Chartier in Reign zone.
11:18 of 1st period - Shot by Jonny Brodzinski.
11:18 of 1st period - Shot Misses the Net.
11:20 of 1st period - Shot by Lukas Sedlak.
11:20 of 1st period - Deflect By Jonny Brodzinski.
11:20 of 1st period - Shot Blocked by Connor Mackey.
11:22 of 1st period - Shot by Lukas Sedlak.
11:22 of 1st period - Shot Blocked by Connor Mackey.
11:24 of 1st period - Shot by Christian Wolanin.
11:24 of 1st period - Shot Blocked by Connor Mackey.
11:26 of 1st period - Shot by Rourke Chartier.
11:26 of 1st period - Stopped by Pheonix Copley without a rebound.
11:27 of 1st period - Tyler Pitlick wins face-off versus Zachary Aston-Reese in Reign zone.
12:03 of 1st period - Icing by Markus Phillips.
12:04 of 1st period - Eric Staal wins face-off versus Jeff Carter in Sound Tigers zone.
12:13 of 1st period - Shot by Eric Staal.
12:13 of 1st period - Goal by Eric Staal - Reign : 0 - Sound Tigers : 2.
12:14 of 1st period - Zack Macewen wins face-off versus Jaret Anderson-Dolan in neutral zone.
12:27 of 1st period - Shot by John Leonard.
12:27 of 1st period - Stopped by Alex Lyon without a rebound.
12:28 of 1st period - Rourke Chartier wins face-off versus Zachary Aston-Reese in Sound Tigers zone.
12:50 of 1st period - Shot by Rourke Chartier.
12:50 of 1st period - Shot Misses the Net.
13:01 of 1st period - Icing by Joël Teasdale.
13:02 of 1st period - Zachary Aston-Reese wins face-off versus Jaret Anderson-Dolan in Reign zone.
13:42 of 1st period - Shot by Jesper Fasth.
13:42 of 1st period - Stopped by Pheonix Copley with a rebound.
13:44 of 1st period - Shot by Jaret Anderson-Dolan.
13:44 of 1st period - Stopped by Pheonix Copley without a rebound.
13:45 of 1st period - Dominic Toninato wins face-off versus Eric Staal in Reign zone.
14:23 of 1st period - Trevor Van Riemsdyk is hit by Nicolas Deslauriers.
15:09 of 1st period - Shot by Andrew Ladd.
15:09 of 1st period - Shot Misses the Net.
16:08 of 1st period - Shot by Joel Armia.
16:08 of 1st period - Shot Misses the Net.
16:10 of 1st period - Shot by Joel Armia.
16:10 of 1st period - Shot Misses the Net.
16:12 of 1st period - Shot by Ashton Sautner.
16:12 of 1st period - Goal by Ashton Sautner - Reign : 0 - Sound Tigers : 3.
16:13 of 1st period - Mason Appleton wins face-off versus Jimmy Vesey in neutral zone.
16:19 of 1st period - Joël Teasdale is hit by Christian Wolanin.
17:48 of 1st period - Icing by Joel Armia.
17:49 of 1st period - Jaret Anderson-Dolan wins face-off versus Zack Macewen in Sound Tigers zone.
18:20 of 1st period - Icing by John Leonard.
18:21 of 1st period - Jeff Carter wins face-off versus Rourke Chartier in Reign zone.
18:55 of 1st period - Off-side.
18:56 of 1st period - Eric Staal wins face-off versus Zachary Aston-Reese in neutral zone.
19:33 of 1st period - Shot by Joël Teasdale.
19:33 of 1st period - Stopped by Alex Lyon without a rebound.
19:34 of 1st period - Dominic Toninato wins face-off versus Jaret Anderson-Dolan in Sound Tigers zone.
19:46 of 1st period - Shot by Ryan Reaves.
19:46 of 1st period - Shot Misses the Net.
19:50 of 1st period - Shot by Ryan Reaves.
19:50 of 1st period - Shot Misses the Net.
19:54 of 1st period - Shot by Dominic Toninato.
19:54 of 1st period - Goal by Dominic Toninato - Reign : 1 - Sound Tigers : 3.
19:55 of 1st period - Patrick Khodorenko wins face-off versus Rourke Chartier in neutral zone.
Goals for this period are 1 for Reign vs 3 for Sound Tigers.
Shots for this period are 7 for Reign vs 11 for Sound Tigers.

2nd period


0:01 of 2nd period - Zachary Aston-Reese wins face-off versus Jaret Anderson-Dolan in neutral zone.
0:01 of 2nd period - Zachary Aston-Reese is hit by Jesper Fasth.
0:04 of 2nd period - Connor Mackey is hit by Zach Bogosian and loses puck.
0:25 of 2nd period - Shot by Mason Appleton.
0:25 of 2nd period - Shot Misses the Net.
0:35 of 2nd period - Joel Armia is hit by Zachary Aston-Reese and loses puck.
1:40 of 2nd period - Jimmy Vesey is hit by Patrik Nemeth and loses puck.
1:51 of 2nd period - Rourke Chartier is hit by Zack Macewen and loses puck.
1:58 of 2nd period - Shot by Markus Phillips.
1:58 of 2nd period - Stopped by Pheonix Copley without a rebound.
1:59 of 2nd period - Rourke Chartier wins face-off versus Dominic Toninato in Reign zone.
2:20 of 2nd period - Shot by Nicolas Deslauriers.
2:20 of 2nd period - Deflect By Ryan Reaves.
2:20 of 2nd period - Shot Blocked by Lukas Sedlak.
2:22 of 2nd period - Shot by Ryan Reaves.
2:22 of 2nd period - Shot Blocked by Jimmy Schuldt.
2:27 of 2nd period - Ryan Reaves is hit by Markus Phillips and loses puck.
2:30 of 2nd period - Shot by Brogan Rafferty.
2:30 of 2nd period - Stopped by Alex Lyon without a rebound.
2:31 of 2nd period - Zachary Aston-Reese wins face-off versus Ryan MacInnis in Sound Tigers zone.
2:32 of 2nd period - Shot by Joël Teasdale.
2:32 of 2nd period - Shot Misses the Net.
4:14 of 2nd period - Eric Staal is hit by Zack Macewen and loses puck.
4:45 of 2nd period - Shot by Zack Macewen.
4:45 of 2nd period - Stopped by Alex Lyon without a rebound.
4:46 of 2nd period - Rourke Chartier wins face-off versus Mason Appleton in Sound Tigers zone.
5:05 of 2nd period - Shot by Jonny Brodzinski.
5:05 of 2nd period - Shot Misses the Net.
5:08 of 2nd period - Icing by Chase Priskie.
5:09 of 2nd period - Patrick Khodorenko wins face-off versus Jaret Anderson-Dolan in Reign zone.
5:50 of 2nd period - Minor Penalty to Zack Macewen for Tripping.
5:51 of 2nd period - Zachary Aston-Reese wins face-off versus Eric Staal in Reign zone.
6:37 of 2nd period - Icing by Jesper Fasth.
6:38 of 2nd period - Jaret Anderson-Dolan wins face-off versus Zachary Aston-Reese in Sound Tigers zone.
8:10 of 2nd period - Shot by Jonny Brodzinski.
8:10 of 2nd period - Deflect By Lukas Sedlak.
8:10 of 2nd period - Shot Misses the Net.
8:15 of 2nd period - Ryan Reaves is hit by Jimmy Schuldt and loses puck.
8:24 of 2nd period - Shot by Jonny Brodzinski.
8:24 of 2nd period - Stopped by Pheonix Copley with a rebound.
8:29 of 2nd period - Minor Penalty to Lukas Sedlak for Hooking.
8:30 of 2nd period - Zachary Aston-Reese wins face-off versus Joel Armia in Sound Tigers zone.
8:41 of 2nd period - Shot by Joël Teasdale.
8:41 of 2nd period - Stopped by Alex Lyon without a rebound.
8:42 of 2nd period - Joel Armia wins face-off versus Jeff Carter in Sound Tigers zone.
8:42 of 2nd period - Joel Armia is hit by Jeff Carter.
8:59 of 2nd period - Off-side.
9:00 of 2nd period - Zachary Aston-Reese wins face-off versus Jesper Fasth in neutral zone.
9:11 of 2nd period - Shot by Zachary Aston-Reese.
9:11 of 2nd period - Stopped by Alex Lyon with a rebound.
9:13 of 2nd period - Shot by Andrew Ladd.
9:13 of 2nd period - Stopped by Alex Lyon with a rebound.
9:31 of 2nd period - Shot by Joël Teasdale.
9:31 of 2nd period - Goal by Joël Teasdale - Reign : 2 - Sound Tigers : 3.
9:32 of 2nd period - Jeff Carter wins face-off versus Rourke Chartier in neutral zone.
9:53 of 2nd period - Shot by Rourke Chartier.
9:53 of 2nd period - Stopped by Pheonix Copley with a rebound.
10:36 of 2nd period - Shot by Joel Armia.
10:36 of 2nd period - Shot Misses the Net.
10:38 of 2nd period - Shot by Joel Armia.
10:38 of 2nd period - Shot Misses the Net.
11:34 of 2nd period - Shot by Ryan Reaves.
11:34 of 2nd period - Shot Misses the Net.
12:06 of 2nd period - Shot by Andrew Ladd.
12:06 of 2nd period - Goal by Andrew Ladd - Reign : 3 - Sound Tigers : 3.
12:07 of 2nd period - Jeff Carter wins face-off versus Ryan MacInnis in neutral zone.
13:12 of 2nd period - Shot by Brogan Rafferty.
13:12 of 2nd period - Shot Misses the Net.
13:14 of 2nd period - Shot by Mason Appleton.
13:14 of 2nd period - Shot Blocked by Zach Bogosian.
13:16 of 2nd period - Shot by Zachary Aston-Reese.
13:16 of 2nd period - Deflect By Joël Teasdale.
13:16 of 2nd period - Shot Misses the Net.
13:34 of 2nd period - Zach Bogosian is hit by Nicolas Deslauriers and loses puck.
13:55 of 2nd period - Shot by Danny Dekeyser.
13:55 of 2nd period - Shot Blocked by Zach Bogosian.
14:09 of 2nd period - Shot by Ryan Reaves.
14:09 of 2nd period - Stopped by Alex Lyon without a rebound.
14:10 of 2nd period - Eric Staal wins face-off versus Jeff Carter in Sound Tigers zone.
14:29 of 2nd period - Shot by Tyler Pitlick.
14:29 of 2nd period - Stopped by Pheonix Copley without a rebound.
14:30 of 2nd period - Zachary Aston-Reese wins face-off versus Rourke Chartier in Reign zone.
15:22 of 2nd period - Shot by Jimmy Vesey.
15:22 of 2nd period - Stopped by Pheonix Copley without a rebound.
15:23 of 2nd period - Eric Staal wins face-off versus Jeff Carter in Reign zone.
15:26 of 2nd period - Shot by Tyler Pitlick.
15:26 of 2nd period - Stopped by Pheonix Copley without a rebound.
15:27 of 2nd period - Eric Staal wins face-off versus John Leonard in Reign zone.
15:28 of 2nd period - Shot by Christian Wolanin.
15:28 of 2nd period - Stopped by Pheonix Copley without a rebound.
15:29 of 2nd period - Eric Staal wins face-off versus Jeff Carter in Reign zone.
15:29 of 2nd period - Jimmy Vesey is hit by Connor Mackey and loses puck.
15:37 of 2nd period - Jimmy Vesey is hit by Connor Mackey and loses puck.
15:41 of 2nd period - Tyler Pitlick is hit by Connor Mackey and loses puck.
15:52 of 2nd period - Shot by Jimmy Vesey.
15:52 of 2nd period - Stopped by Pheonix Copley with a rebound.
15:54 of 2nd period - Shot by Trevor Van Riemsdyk.
15:54 of 2nd period - Shot Blocked by Connor Mackey.
15:56 of 2nd period - Shot by Eric Staal.
15:56 of 2nd period - Stopped by Pheonix Copley without a rebound.
15:57 of 2nd period - Rourke Chartier wins face-off versus Patrick Khodorenko in Reign zone.
17:26 of 2nd period - Shot by Zack Macewen.
17:26 of 2nd period - Shot Misses the Net.
17:28 of 2nd period - Shot by Zack Macewen.
17:28 of 2nd period - Stopped by Alex Lyon with a rebound.
17:58 of 2nd period - Shot by Ryan Reaves.
17:58 of 2nd period - Stopped by Alex Lyon with a rebound.
18:02 of 2nd period - Shot by Ryan Reaves.
18:02 of 2nd period - Stopped by Alex Lyon without a rebound.
18:03 of 2nd period - Eric Staal wins face-off versus Dominic Toninato in Sound Tigers zone.
18:19 of 2nd period - Icing by Christian Wolanin.
18:20 of 2nd period - Eric Staal wins face-off versus Zachary Aston-Reese in Sound Tigers zone.
18:52 of 2nd period - Eric Staal is hit by Danny Dekeyser.
19:44 of 2nd period - Off-side.
19:45 of 2nd period - Rourke Chartier wins face-off versus Jeff Carter in neutral zone.
19:45 of 2nd period - Markus Phillips is hit by Zack Macewen and loses puck.
19:49 of 2nd period - Lukas Sedlak is hit by Connor Mackey and loses puck.
19:50 of 2nd period - Minor Penalty to Connor Mackey for High sticking.
19:51 of 2nd period - Zachary Aston-Reese wins face-off versus Tyler Pitlick in Reign zone.
19:51 of 2nd period - Zachary Aston-Reese is hit by Tyler Pitlick.
Goals for this period are 2 for Reign vs 0 for Sound Tigers.
Shots for this period are 11 for Reign vs 9 for Sound Tigers.

3rd period


0:01 of 3rd period - Jaret Anderson-Dolan wins face-off versus Zachary Aston-Reese in neutral zone.
0:06 of 3rd period - Zachary Aston-Reese is hit by Joel Armia and loses puck.
0:11 of 3rd period - Shot by Joel Armia.
0:11 of 3rd period - Stopped by Pheonix Copley without a rebound.
0:12 of 3rd period - Eric Staal wins face-off versus Zachary Aston-Reese in Reign zone.
0:53 of 3rd period - Shot by Ashton Sautner.
0:53 of 3rd period - Shot Blocked by Jeff Carter.
2:04 of 3rd period - Shot by Rourke Chartier.
2:04 of 3rd period - Stopped by Pheonix Copley with a rebound.
2:06 of 3rd period - Shot by Lukas Sedlak.
2:06 of 3rd period - Shot Misses the Net.
2:08 of 3rd period - Shot by Jimmy Schuldt.
2:08 of 3rd period - Shot Misses the Net.
2:10 of 3rd period - Shot by Lukas Sedlak.
2:10 of 3rd period - Shot Misses the Net.
2:16 of 3rd period - Shot by Rourke Chartier.
2:16 of 3rd period - Stopped by Pheonix Copley without a rebound.
2:17 of 3rd period - Eric Staal wins face-off versus Jeff Carter in Reign zone.
2:17 of 3rd period - Tyler Pitlick is hit by Lawrence Pilut and loses puck.
2:23 of 3rd period - Icing by Zack Macewen.
2:24 of 3rd period - Eric Staal wins face-off versus Jeff Carter in Reign zone.
2:24 of 3rd period - Jimmy Vesey is hit by Brogan Rafferty and loses puck.
2:39 of 3rd period - Shot by Zack Macewen.
2:39 of 3rd period - Stopped by Alex Lyon without a rebound.
2:40 of 3rd period - Patrick Khodorenko wins face-off versus Jaret Anderson-Dolan in Sound Tigers zone.
2:41 of 3rd period - Shot by Connor Mackey.
2:41 of 3rd period - Stopped by Alex Lyon without a rebound.
2:42 of 3rd period - Jaret Anderson-Dolan wins face-off versus Mason Appleton in Sound Tigers zone.
3:21 of 3rd period - Shot by Jaret Anderson-Dolan.
3:21 of 3rd period - Shot Misses the Net.
3:29 of 3rd period - Ashton Sautner is hit by Andrew Ladd and loses puck.
3:50 of 3rd period - Shot by John Leonard.
3:50 of 3rd period - Stopped by Alex Lyon with a rebound.
3:59 of 3rd period - Trevor Van Riemsdyk is hit by Patrik Nemeth and loses puck.
4:02 of 3rd period - Shot by Tyler Pitlick.
4:02 of 3rd period - Stopped by Pheonix Copley with a rebound.
4:10 of 3rd period - Shot by Tyler Pitlick.
4:10 of 3rd period - Shot Blocked by Jeff Carter.
4:12 of 3rd period - Shot by Eric Staal.
4:12 of 3rd period - Shot Misses the Net.
4:51 of 3rd period - Shot by Jonny Brodzinski.
4:51 of 3rd period - Stopped by Pheonix Copley with a rebound.
5:31 of 3rd period - Shot by Yegor Korshkov.
5:31 of 3rd period - Shot Blocked by Lawrence Pilut.
5:41 of 3rd period - Shot by Yegor Korshkov.
5:41 of 3rd period - Shot Blocked by Lawrence Pilut.
5:43 of 3rd period - Shot by Zach Bogosian.
5:43 of 3rd period - Shot Blocked by Lawrence Pilut.
5:45 of 3rd period - Shot by Joel Armia.
5:45 of 3rd period - Stopped by Pheonix Copley without a rebound.
5:46 of 3rd period - Eric Staal wins face-off versus Zachary Aston-Reese in Reign zone.
6:15 of 3rd period - Shot by Eric Staal.
6:15 of 3rd period - Stopped by Pheonix Copley without a rebound.
6:16 of 3rd period - Jeff Carter wins face-off versus Rourke Chartier in Reign zone.
6:44 of 3rd period - Shot by Rourke Chartier.
6:44 of 3rd period - Goal by Rourke Chartier - Reign : 3 - Sound Tigers : 4.
6:45 of 3rd period - Jaret Anderson-Dolan wins face-off versus Zachary Aston-Reese in neutral zone.
6:54 of 3rd period - Shot by Jaret Anderson-Dolan.
6:54 of 3rd period - Stopped by Pheonix Copley without a rebound.
6:55 of 3rd period - Zachary Aston-Reese wins face-off versus Jaret Anderson-Dolan in Reign zone.
8:13 of 3rd period - Shot by Jimmy Vesey.
8:13 of 3rd period - Stopped by Pheonix Copley with a rebound.
8:53 of 3rd period - Shot by Danny Dekeyser.
8:53 of 3rd period - Shot Misses the Net.
10:11 of 3rd period - Jaret Anderson-Dolan is hit by Connor Mackey and loses puck.
10:26 of 3rd period - Shot by Joel Armia.
10:26 of 3rd period - Stopped by Pheonix Copley without a rebound.
10:26 of 3rd period - Minor Penalty to Connor Mackey for Hooking.
10:27 of 3rd period - Eric Staal wins face-off versus Zachary Aston-Reese in Reign zone.
10:53 of 3rd period - Shot by Tyler Pitlick.
10:53 of 3rd period - Shot Misses the Net.
11:22 of 3rd period - Shot by Trevor Van Riemsdyk.
11:22 of 3rd period - Stopped by Pheonix Copley without a rebound.
11:23 of 3rd period - Jaret Anderson-Dolan wins face-off versus Zachary Aston-Reese in Reign zone.
11:30 of 3rd period - Shot by Trevor Van Riemsdyk.
11:30 of 3rd period - Shot Misses the Net.
12:41 of 3rd period - Jonny Brodzinski is hit by Connor Mackey and loses puck.
13:31 of 3rd period - Shot by Ashton Sautner.
13:31 of 3rd period - Stopped by Pheonix Copley without a rebound.
13:32 of 3rd period - Eric Staal wins face-off versus Jeff Carter in Reign zone.
13:33 of 3rd period - Shot by Tyler Pitlick.
13:33 of 3rd period - Shot Blocked by Danny Dekeyser.
13:35 of 3rd period - Shot by Jimmy Vesey.
13:35 of 3rd period - Shot Hit the Post.
13:36 of 3rd period - Minor Penalty to Eric Staal for Roughing.
13:36 of 3rd period - Minor Penalty to Patrik Nemeth for Delaying the game.
13:37 of 3rd period - Joel Armia wins face-off versus Zachary Aston-Reese in Reign zone.
14:01 of 3rd period - Shot by Zachary Aston-Reese.
14:01 of 3rd period - Stopped by Alex Lyon without a rebound.
14:02 of 3rd period - Joel Armia wins face-off versus Zachary Aston-Reese in Sound Tigers zone.
14:11 of 3rd period - Shot by Joel Armia.
14:11 of 3rd period - Stopped by Pheonix Copley with a rebound.
14:21 of 3rd period - Shot by Jaret Anderson-Dolan.
14:21 of 3rd period - Shot Blocked by Brogan Rafferty.
14:27 of 3rd period - Shot by Joel Armia.
14:27 of 3rd period - Shot Misses the Net.
15:09 of 3rd period - Shot by Jesper Fasth.
15:09 of 3rd period - Stopped by Pheonix Copley without a rebound.
15:10 of 3rd period - Joel Armia wins face-off versus Patrick Khodorenko in Reign zone.
15:15 of 3rd period - Shot by Joel Armia.
15:15 of 3rd period - Deflect By Jaret Anderson-Dolan.
15:15 of 3rd period - Goal by Jaret Anderson-Dolan - Reign : 3 - Sound Tigers : 5.
15:16 of 3rd period - Joel Armia wins face-off versus Patrick Khodorenko in neutral zone.
15:58 of 3rd period - Trevor Van Riemsdyk is hit by Jeff Carter and loses puck.
16:11 of 3rd period - Shot by Zack Macewen.
16:11 of 3rd period - Shot Blocked by Tyler Pitlick.
18:48 of 3rd period - Minor Penalty to Jonny Brodzinski for Cross-checking.
18:49 of 3rd period - Joel Armia wins face-off versus Jeff Carter in Sound Tigers zone.
18:57 of 3rd period - Off-side.
18:58 of 3rd period - Joel Armia wins face-off versus Jeff Carter in neutral zone.
19:15 of 3rd period - Shot by Chase Priskie.
19:15 of 3rd period - Shot Misses the Net.
19:25 of 3rd period - Shot by Zack Macewen.
19:25 of 3rd period - Shot Misses the Net.
Goals for this period are 0 for Reign vs 2 for Sound Tigers.
Shots for this period are 4 for Reign vs 16 for Sound Tigers.